[Event "Titled Tuesday Blitz November 29 Early 2022"]
[White "Bortnyk, Olexandr"]
[Black "Corrales Jimenez, Fidel"]
[WhiteFideId "14120828"]
[BlackFideId "3506690"]
[WhiteElo "2723"]
[BlackElo "2541"]
[Result "1-0"]
[Round "11"]
[TimeControl "180+1"]
[Date "2022.11.29"]
[WhiteClock "0:00:04"]
[BlackClock "0:00:07"]

1. e4 c5 2. c3 Nf6 3. e5 Nd5 4. d4 cxd4 5. Nf3 Nc6 6. cxd4 d6 7. Bc4 Nb6 8. Bb5 dxe5 9. Nxe5 Bd7 10. Nxd7 Qxd7 11. Nc3 e6 12. O-O Be7 13. Qg4 O-O 14. Rd1 Nd5 15. Bh6 Bf6 16. Ne4 Qe7 17. Bxc6 bxc6 18. Rac1 Kh8 19. Bf4 Rfd8 20. Nxf6 gxf6 21. Bg3 Rac8 22. a3 c5 23. dxc5 Rxc5 24. Rxc5 Qxc5 25. h3 Rg8 26. Qf3 Rg6 27. b4 Qb6 28. Rc1 Kg7 29. Rc5 Qa6 30. Bh4 Qb7 31. Bg3 Qd7 32. Qd3 Qd8 33. Qa6 Ne7 34. Qd6 Qe8 35. Rc7 Nf5 36. Qd7 Qxd7 37. Rxd7 Nxg3 38. fxg3 a5 39. Kf2 Rg5 40. Rd4 Rb5 41. Ke3 e5 42. Rg4+ Kf8 43. Kd3 f5 44. Rc4 a4 45. Rc8+ Ke7 46. Kc4 Rb7 47. b5 e4 48. Kb4 Kd6 49. Kxa4 Ke5 50. Kb4 f4 51. Re8+ Kf5 52. g4+ Kg5 53. Rxe4 Rd7 54. Re2 Kh4 55. b6 Rd1 56. Rb2 Rd2 57. Rxd2 1-0


[Site "https://www.chess.com"]

[Event "Titled Tuesday Blitz November 29 Early 2022"]
[White "Cappelletto, Joshuaede"]
[Black "Fernandez De La Vara, Arnaldo"]
[WhiteFideId "2824383"]
[BlackFideId "3518388"]
[WhiteElo "2237"]
[BlackElo "2387"]
[Result "1-0"]
[Round "11"]
[TimeControl "180+1"]
[Date "2022.11.30"]
[WhiteClock "0:00:16"]
[BlackClock "0:00:01"]

1. c4 c5 2. Nf3 Nc6 3. d4 cxd4 4. Nxd4 Nf6 5. Nc3 g6 6. g3 d6 7. Bg2 Bd7 8. O-O Bg7 9. Nc2 O-O 10. b3 Qa5 11. Bb2 Rfc8 12. Qd2 Rab8 13. Rfd1 a6 14. Nd5 Qxd2 15. Rxd2 Ne4 16. Bxg7 Nxd2 17. Bc3 Nxc4 18. bxc4 b5 19. cxb5 axb5 20. Ncb4 Kf8 21. Nxc6 Rxc6 22. Bd2 Rc2 23. Bh6+ Ke8 24. Bf3 f6 25. h4 Kf7 26. Be3 Be6 27. a3 Rc4 28. Rb1 Ra4 29. Nc7 Rxa3 30. Rxb5 Rxb5 31. Nxb5 Ra1+ 32. Kg2 Bc4 33. Nc3 e5 34. g4 Ke6 35. Ne4 d5 36. Nd2 Bb5 37. Nb3 Rd1 38. Kg3 d4 39. Bc1 Bc4 40. Nc5+ Kd6 41. Ba3 Ra1 42. Ne4+ 1-0


[Site "https://www.chess.com"]

[Event "Titled Tuesday Blitz November 29 Early 2022"]
[White "Ciuffoletti, Paolo"]
[Black "Adel, Sara"]
[WhiteFideId "807630"]
[BlackFideId "10616764"]
[WhiteElo "2143"]
[BlackElo "1994"]
[Result "0-1"]
[Round "11"]
[TimeControl "180+1"]
[Date "2022.11.30"]
[WhiteClock "0:00:03"]
[BlackClock "0:00:19"]

1. e4 c6 2. d4 d5 3. exd5 cxd5 4. c4 e6 5. Nc3 Nf6 6. Nf3 dxc4 7. Bxc4 Nc6 8. O-O Be7 9. Bg5 a6 10. a3 b5 11. Ba2 Bb7 12. Rc1 Na5 13. Ne5 Rc8 14. Qe2 O-O 15. Rfd1 Nd5 16. Bxe7 Nxc3 17. Rxc3 Qxe7 18. Rg3 Rfd8 19. Qg4 Qf6 20. h4 Rc2 21. Rf3 Bxf3 22. Nxf3 Rxb2 23. Bb1 Nb3 24. Qe4 g6 25. h5 Rc8 26. Ne5 Qxf2+ 27. Kh1 Nd2 28. Qb7 Rf8 29. Nd7 Qh4+ 30. Kg1 Qxd4+ 31. Kh1 Rd8 32. hxg6 hxg6 33. Nb6 Qh4+ 34. Kg1 Ne4 35. Bxe4 Rxd1# 0-1


[Site "https://www.chess.com"]

[Event "Titled Tuesday Blitz November 29 Early 2022"]
[White "Clawitter, Craig"]
[Black "Herman, Daniel"]
[WhiteFideId "2023105"]
[BlackFideId "30935008"]
[WhiteElo "2279"]
[BlackElo "1897"]
[Result "0-1"]
[Round "11"]
[TimeControl "180+1"]
[Date "2022.11.30"]
[WhiteClock "0:00:08"]
[BlackClock "0:00:46"]

1. e4 Nf6 2. e5 Nd5 3. c4 Nb6 4. d4 d6 5. exd6 exd6 6. Nc3 Be7 7. Bd3 N8d7 8. Nge2 O-O 9. O-O Nf6 10. b3 c6 11. Bb2 d5 12. c5 Nbd7 13. b4 Re8 14. b5 Nf8 15. a4 Ng6 16. a5 a6 17. bxc6 bxc6 18. Na4 Ne4 19. Nb6 Ra7 20. f3 Ng5 21. Bc1 Bf6 22. Ra2 Rae7 23. Bb1 Ne6 24. g3 Nc7 25. Nf4 Nb5 26. Bxg6 hxg6 27. Rd2 Bg5 28. Re2 Bxf4 29. Rxe7 Qxe7 30. Bxf4 Bh3 31. Bd6 Qe6 32. g4 Bxf1 33. Qxf1 Nxd4 0-1


[Site "https://www.chess.com"]

[Event "Titled Tuesday Blitz November 29 Early 2022"]
[White "Costachi, Mihnea"]
[Black "Sarana, Alexey"]
[WhiteFideId "1217518"]
[BlackFideId "24133795"]
[WhiteElo "2424"]
[BlackElo "2708"]
[Result "0-1"]
[Round "11"]
[TimeControl "180+1"]
[Date "2022.11.29"]
[WhiteClock "0:00:13"]
[BlackClock "0:00:52"]

1. d4 Nf6 2. c4 e6 3. Nf3 d5 4. Nc3 Nbd7 5. cxd5 exd5 6. Bg5 Bb4 7. e3 h6 8. Bh4 g5 9. Bg3 Ne4 10. Qb3 c5 11. Rc1 Qa5 12. a3 Bxc3+ 13. bxc3 h5 14. Be5 c4 15. Qb4 Qxb4 16. axb4 Nxe5 17. dxe5 a5 18. bxa5 Rxa5 19. Nd2 Nc5 20. e4 Be6 21. exd5 Bxd5 22. Nxc4 Ra2 23. Ne3 Be6 24. Bb5+ Ke7 25. O-O Rd8 26. Rfd1 Ne4 27. Rxd8 Kxd8 28. f3 Nc5 29. Bc4 Bxc4 30. Nxc4 Ke7 31. Rb1 Rc2 32. Nd6 Ke6 33. Nxb7 Nd3 34. Rd1 Nf4 35. Nc5+ Kf5 36. Nd3 Nxg2 37. Ne1 Nxe1 38. Rxe1 Kf4 39. e6 fxe6 40. Rxe6 Kxf3 41. Rf6+ Kg4 42. Rd6 Rxc3 43. Kg2 Rc2+ 44. Kg1 Re2 45. Rd4+ Kf3 46. Rd3+ Re3 47. Rd1 Ke2 48. Rf1 Re4 49. Rf5 Rg4+ 50. Kh1 Ke3 51. h3 Rg3 52. Kh2 Ke4 53. Ra5 h4 54. Ra4+ Kf5 55. Ra5+ Kg6 56. Ra6+ Kh5 57. Ra8 Rd3 58. Ra2 Kg6 59. Rg2 Kf5 60. Rf2+ Ke4 61. Ra2 Kf3 62. Rg2 Kf4 63. Ra2 Ke3 64. Rg2 Rd2 65. Rxd2 Kxd2 66. Kg1 Ke3 67. Kg2 Ke2 68. Kg1 Kf3 69. Kh2 Kf2 70. Kh1 Kg3 71. Kg1 Kxh3 72. Kh1 g4 73. Kg1 Kg3 74. Kh1 h3 75. Kg1 Kh4 76. Kh1 g3 77. Kg1 Kg4 78. Kh1 Kf3 79. Kg1 h2+ 80. Kh1 g2+ 81. Kxh2 Kf2 82. Kh3 g1=Q 83. Kh4 Qg6 84. Kh3 Qh5# 0-1


[Site "https://www.chess.com"]

[Event "Titled Tuesday Blitz November 29 Early 2022"]
[White "Deev, Andrei"]
[Black "Adnan, Habib"]
[WhiteFideId "4102690"]
[BlackFideId "11202270"]
[WhiteElo "2294"]
[BlackElo "2110"]
[Result "0-1"]
[Round "11"]
[TimeControl "180+1"]
[Date "2022.11.30"]
[WhiteClock "0:00:09"]
[BlackClock "0:00:57"]

1. e4 d5 2. exd5 Nf6 3. c4 e6 4. dxe6 Bxe6 5. d4 Bb4+ 6. Bd2 Bxd2+ 7. Qxd2 Qe7 8. Kd1 Nc6 9. d5 O-O-O 10. Nc3 Nxd5 11. cxd5 Bxd5 12. Nxd5 Rxd5 13. Qxd5 Rd8 14. Qxd8+ Qxd8+ 15. Kc2 Nd4+ 16. Kc3 c5 17. Nf3 Qa5+ 18. Kd3 Ne6 19. Kc2 Qb4 20. b3 g5 21. Bd3 g4 22. a3 Qf4 23. Nd2 Nd4+ 24. Kc3 b5 25. Rhe1 b4+ 26. axb4 cxb4+ 27. Kb2 Qxd2+ 28. Kb1 Qxd3+ 29. Kb2 Qc2# 0-1


[Site "https://www.chess.com"]

[Event "Titled Tuesday Blitz November 29 Early 2022"]
[White "Dubov, Daniil"]
[Black "Fedoseev, Vladimir"]
[WhiteFideId "24126055"]
[BlackFideId "24130737"]
[WhiteElo "2791"]
[BlackElo "2726"]
[Result "1-0"]
[Round "11"]
[TimeControl "180+1"]
[Date "2022.11.29"]
[WhiteClock "0:00:40"]
[BlackClock "0:00:26"]

1. e4 c5 2. Nf3 d6 3. d4 cxd4 4. Nxd4 Nf6 5. Nc3 a6 6. g3 e5 7. Nf3 Be7 8. a4 O-O 9. Bg2 Nc6 10. O-O h6 11. Nh4 Nd4 12. h3 Be6 13. Be3 g5 14. Nf5 Nxf5 15. exf5 Bxf5 16. Qd2 Qd7 17. Kh2 Rac8 18. a5 Rc4 19. b3 Rc7 20. Bb6 Rcc8 21. Rad1 Kg7 22. Rfe1 Rfe8 23. Re3 Bf8 24. Qe2 Bg6 25. Rd2 Re6 26. Nd5 Nxd5 27. Bxd5 Rf6 28. c4 h5 29. Bg2 Qe7 30. c5 h4 31. cxd6 Rxd6 32. Rxe5 hxg3+ 33. fxg3 Rxd2 34. Rxe7 Rxe2 35. Rxe2 Rc3 36. Bd4+ 1-0


[Site "https://www.chess.com"]

[Event "Titled Tuesday Blitz November 29 Early 2022"]
[White "Durarbayli, Vasif"]
[Black "Kezin, Roman"]
[WhiteFideId "13402935"]
[BlackFideId "24124621"]
[WhiteElo "2586"]
[BlackElo "2501"]
[Result "1-0"]
[Round "11"]
[TimeControl "180+1"]
[Date "2022.11.29"]
[WhiteClock "0:00:06"]
[BlackClock "0:00:01"]

1. e4 h5 2. d4 h4 3. Nc3 c6 4. Bc4 d5 5. exd5 b5 6. Bb3 b4 7. Nce2 cxd5 8. h3 Nf6 9. Nf3 e6 10. Bg5 Be7 11. Bxh4 a5 12. Ba4+ Bd7 13. c3 O-O 14. Bc2 a4 15. Bxf6 Bxf6 16. Qd3 g6 17. cxb4 a3 18. bxa3 Qb6 19. h4 Bb5 20. Qe3 Rc8 21. Rc1 Nc6 22. O-O Bxe2 23. Qxe2 Nxd4 24. Nxd4 Qxd4 25. h5 g5 26. h6 Qh4 27. h7+ Kg7 28. Bb1 Rxc1 29. Rxc1 Qd4 30. g3 Qb2 31. Qxb2 Bxb2 32. Rc7 Bxa3 33. b5 Bd6 34. Rc6 Be5 35. b6 Bd4 36. b7 Rh8 37. Rc8 Be5 38. a4 f5 39. a5 Kxh7 40. a6 Bd4 41. Rxh8+ Kxh8 42. b8=Q+ Kg7 43. Qb7+ Kf6 44. a7 1-0


[Site "https://www.chess.com"]

[Event "Titled Tuesday Blitz November 29 Early 2022"]
[White "Eynullayev, Atilla"]
[Black "Weetik, Vjacheslav"]
[WhiteFideId "13413570"]
[BlackFideId "4153472"]
[WhiteElo "2181"]
[BlackElo "2469"]
[Result "0-1"]
[Round "11"]
[TimeControl "180+1"]
[Date "2022.11.30"]
[WhiteClock "0:00:11"]
[BlackClock "0:00:08"]

1. e4 c5 2. Nf3 Nc6 3. Bb5 g6 4. Bxc6 bxc6 5. O-O Bg7 6. c3 Nh6 7. d3 f5 8. Be3 d6 9. Qc1 Ng4 10. Bg5 O-O 11. h3 fxe4 12. dxe4 Rxf3 13. hxg4 Rf7 14. f3 d5 15. Nd2 Qb6 16. Kh1 Ba6 17. Re1 e5 18. exd5 cxd5 19. c4 e4 20. Rb1 exf3 21. Nxf3 Bxc4 22. Ne5 Bxe5 23. Rxe5 Rf1+ 24. Qxf1 Bxf1 25. Rxf1 Rf8 26. Rfe1 h5 27. Bh6 Rf7 28. gxh5 gxh5 29. Rxh5 Rh7 30. Re8+ Kf7 31. Rf8+ Kg6 32. g4 Rxh6 33. Rg8+ Kf7 34. Rg5 Rxh5+ 35. Rxh5 Qxb2 36. Rh7+ Kg6 37. Rh5 Qxa2 0-1


[Site "https://www.chess.com"]

[Event "Titled Tuesday Blitz November 29 Early 2022"]
[White "Fernandez Siles, Luis"]
[Black "D`Arruda, Ricardo D."]
[WhiteFideId "2209420"]
[BlackFideId "100692"]
[WhiteElo "2186"]
[BlackElo "2451"]
[Result "0-1"]
[Round "11"]
[TimeControl "180+1"]
[Date "2022.11.30"]
[WhiteClock "0:00:38"]
[BlackClock "0:01:00"]

1. d4 Nf6 2. c4 e5 3. dxe5 Ne4 4. a3 Nc6 5. Nd2 Nxd2 6. Qxd2 Nxe5 7. e3 d6 8. Be2 Be6 9. b3 Be7 10. Bb2 Bf6 11. Nf3 Nxf3+ 12. Bxf3 Rb8 13. O-O O-O 14. Rad1 b5 15. cxb5 Bxb3 16. Bxf6 Qxf6 17. Rc1 Rxb5 18. Rxc7 a5 19. Rfc1 a4 20. h3 g6 21. R1c6 Rd8 22. Rc8 Rxc8 23. Rxc8+ Kg7 24. Kh2 Qe5+ 25. g3 Rc5 26. Rd8 Rc2 27. Qxd6 Rxf2+ 28. Bg2 Qxd6 29. Rxd6 Ra2 30. Kg1 Rxa3 31. Ra6 Ra1+ 32. Kf2 Ra2+ 33. Kg1 a3 34. Bc6 Bc4 35. e4 Bxa6 0-1


[Site "https://www.chess.com"]

[Event "Titled Tuesday Blitz November 29 Early 2022"]
[White "Firouzja, Alireza"]
[Black "Xiong, Jeffery"]
[WhiteFideId "12573981"]
[BlackFideId "2047640"]
[WhiteElo "2903"]
[BlackElo "2725"]
[Result "1/2-1/2"]
[Round "11"]
[TimeControl "180+1"]
[Date "2022.11.29"]
[WhiteClock "0:00:09"]
[BlackClock "0:00:06"]

1. e4 e5 2. Nf3 Nf6 3. Nxe5 d6 4. Nf3 Nxe4 5. Nc3 Nxc3 6. dxc3 Be7 7. Be3 O-O 8. Qd2 Nd7 9. O-O-O c6 10. Bd3 d5 11. h4 Nc5 12. Ng5 h6 13. Kb1 Re8 14. Bh7+ Kf8 15. f3 hxg5 16. hxg5 Bd6 17. c4 Be6 18. cxd5 cxd5 19. c4 g6 20. g4 dxc4 21. Qc3 Nd3 22. Bd4 Qxg5 23. Bf6 Qf4 24. Bg8 Be5 25. Qa3+ Bd6 26. Qc3 Be5 27. Qa3+ Bd6 28. Qc3 1/2-1/2


[Site "https://www.chess.com"]

[Event "Titled Tuesday Blitz November 29 Early 2022"]
[White "Floresvillar Gonzalez, Luis Migu"]
[Black "Aqib Javaid Butt"]
[WhiteFideId "5100542"]
[BlackFideId "7801262"]
[WhiteElo "2040"]
[BlackElo "1659"]
[Result "1-0"]
[Round "11"]
[TimeControl "180+1"]
[Date "2022.11.30"]
[WhiteClock "0:00:23"]
[BlackClock "0:00:58"]

1. d4 d5 2. c3 c6 3. Bf4 Nf6 4. Nd2 Bf5 5. Qb3 Qb6 6. Qxb6 axb6 7. Bxb8 Rxb8 8. a3 e6 9. e3 Bd6 10. Be2 O-O 11. f4 Ng4 12. Nf1 Nf6 13. h3 h5 14. Nd2 Ne4 15. Nxe4 Bxe4 16. Kf2 g6 17. Bf3 Bxf3 18. Nxf3 Kg7 19. g4 hxg4 20. hxg4 Rh8 21. g5 c5 22. Ne5 Bxe5 23. dxe5 b5 24. Ke2 Ra8 25. Kd3 Ra4 26. Rxh8 Kxh8 27. Kc2 Kg7 28. Re1 Ra8 29. e4 Rh8 30. exd5 Rh2+ 31. Kc1 exd5 32. Rd1 Rf2 33. Rxd5 Rxf4 34. Rxc5 Rf5 35. Rxb5 Rxg5 36. a4 Rf5 37. Kd2 g5 38. Ke3 Rf1 39. Rxb7 g4 40. e6 g3 41. Rxf7+ Rxf7 42. exf7 1-0


[Site "https://www.chess.com"]

[Event "Titled Tuesday Blitz November 29 Early 2022"]
[White "Forgacs, Attila Jr."]
[Black "Nepo"]
[WhiteFideId "773654"]
[WhiteElo "2168"]
[BlackElo "2161"]
[Result "0-1"]
[Round "11"]
[TimeControl "180+1"]
[Date "2022.11.30"]
[WhiteClock "0:00:12"]
[BlackClock "0:00:34"]

1. e4 e5 2. Nf3 Nf6 3. Nxe5 d6 4. Nf3 Nxe4 5. Bd3 Nc5 6. Bc4 Be7 7. d4 Ne4 8. O-O O-O 9. Re1 d5 10. Bd3 Bf5 11. c4 c6 12. Nc3 Bb4 13. Bxe4 Bxe4 14. a3 Bxc3 15. bxc3 Nd7 16. cxd5 cxd5 17. a4 Rc8 18. Ba3 Re8 19. Qd2 Nb6 20. Bc5 Nc4 21. Qf4 b6 22. Bb4 a5 23. Ba3 Qd7 24. Ng5 Bg6 25. Nf3 Rxe1+ 26. Nxe1 Qxa4 27. Qc1 Nxa3 28. Rxa3 Qc6 29. Rb3 a4 30. Ra3 b5 31. Nf3 b4 32. Ne5 Qc7 33. Rxa4 bxc3 34. h4 Be4 35. f3 Bf5 36. g4 Be6 37. Kg2 f6 38. Nd3 c2 39. Nc5 Bd7 40. Ra2 Bb5 41. Rxc2 Bc4 42. Qe1 Qc6 43. Rb2 Re8 44. Qf2 Ba6 45. Rd2 Bc8 46. Re2 h5 47. Rxe8+ Qxe8 48. Kf1 hxg4 49. fxg4 Bxg4 50. Qg2 Qh5 51. Nd3 Qf5+ 52. Nf2 Qb1+ 53. Nd1 Qxd1+ 54. Kf2 Qe2+ 55. Kg3 Qxg2+ 56. Kxg2 Bf5 57. Kg3 Be4 58. Kf4 Kh7 59. h5 Kh6 60. Kg3 Kxh5 61. Kf4 g5+ 62. Kg3 f5 63. Kf2 f4 64. Kf1 g4 65. Kg1 g3 66. Kf1 f3 67. Kg1 f2+ 68. Kf1 Bd3+ 69. Kg2 f1=Q+ 70. Kxg3 Qg1+ 71. Kf3 Be4+ 72. Kf4 Qg5# 0-1


[Site "https://www.chess.com"]

[Event "Titled Tuesday Blitz November 29 Early 2022"]
[White "Fromm, Marius"]
[Black "Zivkovic, Nemanja"]
[WhiteFideId "12993190"]
[BlackFideId "942154"]
[WhiteElo "2325"]
[BlackElo "2372"]
[Result "1-0"]
[Round "11"]
[TimeControl "180+1"]
[Date "2022.11.30"]
[WhiteClock "0:00:49"]
[BlackClock "0:00:03"]

1. e4 c5 2. Nf3 d6 3. d4 cxd4 4. Nxd4 Nf6 5. Nc3 a6 6. g3 e5 7. Nde2 Nbd7 8. a4 Nc5 9. Bg2 h5 10. Bg5 Be7 11. O-O b6 12. Bxf6 Bxf6 13. Nd5 h4 14. b4 Ne6 15. Qd3 hxg3 16. hxg3 Ng5 17. Rfd1 Bg4 18. f3 Bh3 19. Bxh3 Nxh3+ 20. Kg2 Ng5 21. Rh1 O-O 22. Nec3 Ne6 23. Nxf6+ Qxf6 24. Nd5 Qg6 25. Rh4 Qg5 26. Rg4 Qd8 27. Rh1 f6 28. Qb3 Re8 29. f4 Kf8 30. f5 Nd4 31. Qa2 Qc8 32. c3 1-0


[Site "https://www.chess.com"]

[Event "Titled Tuesday Blitz November 29 Early 2022"]
[White "Gabdrakhmanov, Azat"]
[Black "Salinas Herrera, Pablo"]
[WhiteFideId "34189197"]
[BlackFideId "3407128"]
[WhiteElo "2254"]
[BlackElo "2557"]
[Result "1/2-1/2"]
[Round "11"]
[TimeControl "180+1"]
[Date "2022.11.29"]
[WhiteClock "0:00:05"]
[BlackClock "0:00:09"]

1. e4 c5 2. Nf3 e6 3. d4 cxd4 4. Nxd4 a6 5. c4 Qc7 6. Nc3 b6 7. Bd3 Bb7 8. O-O d6 9. Be3 Nd7 10. Rc1 Ngf6 11. b4 Rc8 12. f4 Be7 13. a3 O-O 14. Qe2 Qb8 15. h3 Rfe8 16. Nb3 Bf8 17. Qf2 Bc6 18. Rfe1 g6 19. Nd4 Bb7 20. Nf3 Ba8 21. Bd4 Bg7 22. Na4 b5 23. cxb5 Rxc1 24. Rxc1 Bxe4 25. Bf1 axb5 26. Nc3 Bc6 27. Bxf6 Nxf6 28. Nd4 Ba8 29. Ncxb5 Ne4 30. Qe3 Rc8 31. Rxc8+ Qxc8 32. Nf3 Ng3 33. Bd3 Qb8 34. a4 e5 35. Ng5 Nh5 36. f5 Nf4 37. Bc4 d5 38. fxg6 hxg6 39. Bf1 Bh6 40. Qg3 d4 41. Nf3 d3 42. Nd2 e4 43. Qf2 Qe5 44. Qa7 Bd5 45. Qd4 Qe6 46. Nc7 Qf5 47. Nxd5 Nxd5 48. Qxe4 Bxd2 49. Qxf5 gxf5 50. Bxd3 Nxb4 51. Bxf5 Nc6 52. Be4 Ne5 53. Bd5 Kg7 54. g4 f6 55. Kg2 Kh6 56. h4 Be1 57. Kh3 Ng6 58. g5+ fxg5 59. hxg5+ Kxg5 60. Kg2 Nf4+ 61. Kf1 Ba5 62. Bf3 Kf5 63. Kf2 Ke5 64. Ke3 Ne6 65. Kd3 Nc7 66. Bd1 Kd5 67. Bf3+ Kc5 68. Bh5 Bb4 69. Be8 Ne6 70. Bb5 Nf4+ 71. Ke4 Nd5 72. Ke5 Ba5 73. Ke4 Bc7 74. Kf5 Kd6 75. Ke4 Nc3+ 76. Kd4 Ba5 77. Kc4 Nd5 78. Kd4 Nb6 79. Be8 Ke7 80. Bb5 Kd6 81. Be8 Bb4 82. Bb5 Nc8 83. Be8 Ne7 84. Bb5 Nf5+ 85. Kc4 Ba5 86. Be8 Ke5 87. Bb5 Bb6 88. Bc6 Nd4 89. Be8 Ne6 90. Bd7 Nc7 91. Bc6 Kd6 92. Bb5 Nd5 93. Ba6 Ne3+ 94. Kb4 Bc5+ 95. Kc3 Nd5+ 96. Kb3 Nb4 97. Bb7 Kc7 98. Be4 Kd6 99. Kc4 Na6 100. Bb7 Nc7 101. Be4 Ba7 102. Bc2 Ne6 103. Kb3 Nd4+ 104. Kc3 Kc5 105. Bd3 Bb6 106. Bb5 Ba5+ 107. Kd3 Kd5 108. Be8 Nf5 109. Bf7+ Kc5 1/2-1/2


[Site "https://www.chess.com"]

[Event "Titled Tuesday Blitz November 29 Early 2022"]
[White "Gatterer, Florian"]
[Black "Petrovic, Aleksa"]
[WhiteFideId "811688"]
[BlackFideId "967629"]
[WhiteElo "2218"]
[BlackElo "2224"]
[Result "1/2-1/2"]
[Round "11"]
[TimeControl "180+1"]
[Date "2022.11.30"]
[WhiteClock "0:00:22"]
[BlackClock "0:01:03"]

1. e4 e6 2. d4 d5 3. exd5 exd5 4. Bd3 c5 5. dxc5 Bxc5 6. Nf3 Nf6 7. O-O O-O 8. h3 Qd6 9. Bg5 Bxh3 10. Bxf6 gxf6 11. gxh3 Qg3+ 12. Kh1 Qxh3+ 13. Nh2 Kh8 14. Qg4 Qh6 15. Nc3 Nc6 16. Nxd5 Rg8 17. Qf5 Rg6 18. Qf4 1/2-1/2


[Site "https://www.chess.com"]

[Event "Titled Tuesday Blitz November 29 Early 2022"]
[White "Gheorghiu, Calin"]
[Black "Sengupta, Deep"]
[WhiteFideId "1200305"]
[BlackFideId "5008352"]
[WhiteElo "2225"]
[BlackElo "2397"]
[Result "0-1"]
[Round "11"]
[TimeControl "180+1"]
[Date "2022.11.30"]
[WhiteClock "0:00:02"]
[BlackClock "0:00:08"]

1. e4 g6 2. d4 Bg7 3. Nc3 c6 4. f4 d5 5. e5 h5 6. Nf3 Nh6 7. Be2 Bg4 8. Be3 Nf5 9. Bf2 e6 10. h3 Bxf3 11. Bxf3 h4 12. O-O Nd7 13. b4 Bf8 14. a3 a5 15. b5 c5 16. Ne2 cxd4 17. Nxd4 Bc5 18. c3 Qb6 19. a4 Rc8 20. Ra2 Qa7 21. Rc2 Nb6 22. Nxf5 gxf5 23. Bxc5 Rxc5 24. Kh1 Qb8 25. Be2 Qc7 26. Rf3 Nxa4 27. Qe1 Nb6 28. g4 hxg3 29. Qxg3 Qe7 30. Qg7 Qf8 31. Qg1 Rg8 32. Qf2 Nc4 33. Bxc4 Rxc4 34. Qa7 Qc5 35. Qa8+ Qc8 36. Qxa5 Rg6 37. Qb6 Kf8 38. Rg2 Qc7 39. Qa7 Rxg2 40. Kxg2 Rxc3 41. Rxc3 Qxc3 42. Qxb7 Qd2+ 43. Kh1 Qe1+ 44. Kg2 Qe4+ 45. Kg1 Qxf4 46. Qb8+ Kg7 47. b6 Qe3+ 48. Kh1 Qxh3+ 49. Kg1 Qe3+ 50. Kh1 Qf3+ 51. Kg1 d4 0-1


[Site "https://www.chess.com"]

[Event "Titled Tuesday Blitz November 29 Early 2022"]
[White "Girel, Joseph"]
[Black "Shimanov, Aleksandr"]
[WhiteFideId "36033561"]
[BlackFideId "4198603"]
[WhiteElo "2281"]
[BlackElo "2605"]
[Result "0-1"]
[Round "11"]
[TimeControl "180+1"]
[Date "2022.11.29"]
[WhiteClock "0:00:04"]
[BlackClock "0:00:03"]

1. d4 e6 2. c4 c5 3. d5 d6 4. Nc3 g6 5. Nf3 Bg7 6. e4 Bxc3+ 7. bxc3 e5 8. Bd3 Qe7 9. O-O Nd7 10. Rb1 Kd8 11. Nd2 f6 12. g3 h5 13. f4 h4 14. Nf3 hxg3 15. hxg3 Qh7 16. Kf2 Nh6 17. Ke2 Ng4 18. Be3 Re8 19. Rh1 Qe7 20. Kd2 f5 21. Ng5 Ndf6 22. Qg1 fxe4 23. Be2 Kc7 24. Bxg4 Bxg4 25. fxe5 Qxe5 26. Bf4 e3+ 27. Qxe3 Qxe3+ 28. Bxe3 Nh5 29. Bf4 Re2+ 30. Kd3 Rae8 31. Ne6+ R2xe6 32. dxe6 Bf5+ 33. Kd2 Bxb1 34. Rxb1 Rxe6 35. Rf1 Kc6 36. g4 Nf6 37. g5 Nd7 38. Kd3 a6 39. Rh1 b5 40. Rh6 bxc4+ 41. Kd2 d5 42. Be3 Ne5 43. Rh8 Nf3+ 44. Ke2 Nd4+ 45. Kd2 Nf5 46. Bf2 d4 47. Rc8+ Kd5 48. Rd8+ Ke4 49. Rc8 Kf3 50. Bg1 Re2+ 51. Kd1 Rxa2 52. cxd4 Ra1+ 53. Kd2 Rxg1 54. dxc5 Nd4 55. c6 Nxc6 56. Rxc6 Rxg5 57. Rxc4 Re5 58. Rc6 g5 59. Rf6+ Kg2 60. Rxa6 g4 61. Rg6 g3 62. Kd3 Kf2 63. Rf6+ Kg1 64. Kd2 g2 65. Rg6 Kf2 66. Rf6+ Kg3 67. Rg6+ Kf3 68. Rf6+ Kg4 69. Rg6+ Rg5 0-1


[Site "https://www.chess.com"]

[Event "Titled Tuesday Blitz November 29 Early 2022"]
[White "Grabinsky, Vladimir"]
[Black "Hrabinska, Myroslava"]
[WhiteFideId "14107074"]
[BlackFideId "14109190"]
[WhiteElo "2198"]
[BlackElo "2171"]
[Result "0-1"]
[Round "11"]
[TimeControl "180+1"]
[Date "2022.11.30"]
[WhiteClock "0:00:01"]
[BlackClock "0:00:14"]

1. e4 c5 2. Nc3 Nc6 3. g3 g6 4. Bg2 Bg7 5. f4 e6 6. Nf3 Nge7 7. d3 d5 8. O-O O-O 9. g4 dxe4 10. dxe4 f5 11. g5 fxe4 12. Nxe4 Nd5 13. Ne5 Nxe5 14. fxe5 Rxf1+ 15. Qxf1 Bxe5 16. c4 Bd4+ 17. Kh1 Ne3 18. Bxe3 Bxe3 19. Rd1 Bd4 20. Nf6+ Kg7 21. Qf3 Rb8 22. Qh3 h5 23. gxh6+ Kxf6 24. Qh4+ g5 25. Qg3 Bd7 26. Rf1+ Ke7 27. Qxg5+ Kd6 28. h7 Qxg5 0-1


[Site "https://www.chess.com"]

[Event "Titled Tuesday Blitz November 29 Early 2022"]
[White "Grapsa, Georgia"]
[Black "Tarnowska, Aleksandra"]
[WhiteFideId "4206436"]
[BlackFideId "1180967"]
[WhiteElo "1877"]
[BlackElo "1776"]
[Result "1-0"]
[Round "11"]
[TimeControl "180+1"]
[Date "2022.11.30"]
[WhiteClock "0:01:20"]
[BlackClock "0:00:03"]

1. e4 c5 2. b3 d5 3. exd5 Qxd5 4. Nc3 Qd8 5. Bb2 Nc6 6. Bb5 Nf6 7. Bxc6+ bxc6 8. Nf3 e6 9. d3 Bd6 10. Qe2 O-O 11. Ne4 Nd5 12. O-O-O Bf4+ 13. Kb1 Qa5 14. g3 Bh6 15. Ne5 Bb7 16. Ng4 f5 17. Nxh6+ gxh6 18. Nd6 Bc8 19. Qd2 Qxd2 20. Rxd2 Rd8 21. Nc4 a5 22. a4 Kf7 23. Re2 Rb8 24. Rhe1 Nb4 25. Bc3 Rb7 26. Nxa5 Ra7 27. Bxb4 cxb4 28. Nxc6 Rad7 29. Nxd8+ Rxd8 30. g4 Kf6 31. gxf5 exf5 32. Re8 Rxe8 33. Rxe8 Be6 34. Rb8 f4 35. Rxb4 1-0


[Site "https://www.chess.com"]

[Event "Titled Tuesday Blitz November 29 Early 2022"]
[White "Hambleton, Aman"]
[Black "Salman, Pavel"]
[WhiteFideId "2606577"]
[BlackFideId "24153753"]
[WhiteElo "2538"]
[BlackElo "2187"]
[Result "0-1"]
[Round "11"]
[TimeControl "180+1"]
[Date "2022.11.29"]
[WhiteClock "0:00:01"]
[BlackClock "0:00:13"]

1. d4 Nf6 2. c4 c5 3. d5 b5 4. cxb5 a6 5. bxa6 g6 6. Nc3 Bg7 7. e4 O-O 8. Bd3 Qa5 9. Ne2 Bxa6 10. O-O e6 11. dxe6 fxe6 12. Bxa6 Rxa6 13. Bf4 Nc6 14. Bd6 Rc8 15. h3 Nd4 16. e5 Ne8 17. Nxd4 cxd4 18. Ne4 Bxe5 19. b4 Qd5 20. Bxe5 Qxe5 21. Nc5 Rxc5 22. bxc5 Qxc5 23. Rc1 Qe7 24. Rc8 e5 25. Re1 Re6 26. Qb3 Kg7 27. a4 Nd6 28. Rb8 e4 29. Qb4 d3 30. Qd4+ Qf6 31. Qxf6+ Kxf6 32. a5 d2 33. Rd1 Nc4 34. Rb5 e3 35. fxe3 Rxe3 36. Kf2 Ra3 37. Rc5 Nd6 38. Rd5 Ne4+ 39. Kg1 Nc3 40. R1xd2 Nxd5 41. Rxd5 Ke6 42. Rb5 d5 43. Kf2 Ke5 44. h4 Ke4 45. g4 h5 46. g5 d4 47. Rb6 Rxa5 48. Rxg6 Ra2+ 49. Ke1 Kd3 50. Rd6 Rh2 0-1


[Site "https://www.chess.com"]

[Event "Titled Tuesday Blitz November 29 Early 2022"]
[White "Hartikainen, Jarmo"]
[Black "Vifleemskaia, Svetlana"]
[WhiteFideId "503134"]
[BlackFideId "4129490"]
[WhiteElo "2210"]
[BlackElo "1929"]
[Result "0-1"]
[Round "11"]
[TimeControl "180+1"]
[Date "2022.11.30"]
[WhiteClock "0:00:10"]
[BlackClock "0:01:00"]

1. e4 e5 2. Nf3 Nc6 3. Bc4 Nf6 4. Ng5 d5 5. exd5 Na5 6. Bb5+ c6 7. dxc6 bxc6 8. Bd3 Ng4 9. Nf3 f5 10. O-O e4 11. h3 Nxf2 12. Rxf2 Bc5 13. b4 Bxf2+ 14. Kxf2 Qb6+ 15. Kf1 Nb7 16. Bc4 Nd6 17. Ne5 Nxc4 18. Nxc4 Qd4 19. Nb2 O-O 20. c3 Qe5 21. d4 Qh2 22. Be3 f4 23. Bg1 Qg3 24. Qe1 Qg6 25. Nd2 Bf5 26. Ndc4 f3 27. g4 Be6 28. Ne5 Qh6 29. Qg3 Qd2 30. Nbc4 Qxc3 31. Ne3 Qxa1+ 32. Kf2 Qxd4 0-1


[Site "https://www.chess.com"]